 Dungeon Crawl Stone Soup version 0.28.0-1-gb440e238dd (webtiles) character file.

Game seed: 1925767890989543497

4015 egresovca the Grappler (level 10, -15/94 HPs)
             Began as a Troll Earth Elementalist on Feb 24, 2022.
             Was a Believer of Uskayaw.
             Demolished by Grum (18 damage)
             ... on level 8 of the Dungeon.
             The game lasted 00:11:10 (7696 turns).

egresovca the Grappler (Troll Earth Elementalist)   Turns: 7696, Time: 00:11:10

Health: -15/94     AC:  5    Str: 24    XL:     10   Next: 3%
Magic:  13/13      EV: 15    Int: 15    God:    Uskayaw [**....]
Gold:   378        SH:  0    Dex: 10    Spells: 7/11 levels left

rFire   . . .      SeeInvis .     - Unarmed
rCold   . . .      Faith    .   (no shield)
rNeg    + . .      Spirit   .   b - +0 robe
rPois   .          Reflect  .   (helmet restricted)
rElec   .          Harm     .   C - +0 cloak
rCorr   .          Rampage  .   (gloves unavailable)
Will    .....                   (boots unavailable)
Stlth   ++........              (no amulet)
HPRegen 1.05/turn               d - +6 ring of strength
MPRegen 0.13/turn               r - ring of Qyaddyath {rN+ EV+4 Stlth+}

@: lethally poisoned (-15 -> -21)
A: large, unfitting armour, claws 3, regeneration 1, shaggy fur 1, tough skin 1
a: Renounce Religion, Stomp, Line Pass


You were on level 8 of the Dungeon.
You worshipped Uskayaw.
Uskayaw was noncommittal.
You visited 1 branch of the dungeon, and saw 8 of its levels.
You also visited: Ossuary.

You collected 378 gold pieces.

Inventory:

Hand Weapons
 I - the +7 dagger of Demand {drain, rPois rC+}
   (You found it on level 8 of the Dungeon)

   A truly terrible weapon, it drains the life of any living foe it strikes.
   rC:        It protects you from cold.
   rPois:     It protects you from poison.
Missiles
 c - 244 stones
 F - 3 throwing nets
Armour
 b - a +0 robe (worn)
 n - an orb of wrath
 C - a +0 cloak (worn)
Magical Staves
 j - a staff of air
Jewellery
 d - a +6 ring of strength (left claw)
 f - a +6 ring of strength
 g - an amulet of the acrobat
 r - the ring of Qyaddyath (right claw) {rN+ EV+4 Stlth+}
   (You acquired it in an ossuary)

   [ring of evasion]

   EV:        It affects your evasion (+4).
   rN:        It protects you from negative energy.
   Stlth:     It makes you more stealthy.
 w - a +4 ring of protection
 E - a ring of flight
Wands
 p - a wand of paralysis (7)
 v - a wand of iceblast (6)
 D - a wand of flame (26)
Scrolls
 a - 16 scrolls of identify
 e - a scroll of blinking {unknown}
 k - a scroll of noise {unknown}
 m - a scroll of immolation {unknown}
 q - a scroll of brand weapon {unknown}
 s - a scroll of enchant armour {unknown}
 t - 2 scrolls of enchant weapon {unknown}
 y - a scroll of silence {unknown}
 A - 4 scrolls of teleportation {unknown}
 H - a scroll of amnesia {unknown}
 J - a scroll of fog {unknown}
Potions
 h - a potion of attraction
 i - a potion of lignification {unknown}
 l - 2 potions of curing
 o - 2 potions of flight
 u - a potion of haste
 z - 2 potions of magic
 B - a potion of mutation {unknown}
 G - 2 potions of berserk rage {unknown}


   Skills:
 + Level 4.6 Fighting
 + Level 4.5 Armour
 + Level 4.9 Dodging
 - Level 1.0 Stealth
 * Level 8.0 Unarmed Combat
 - Level 1.2 Spellcasting
 + Level 1.4 Hexes
 - Level 0.6 Transmutations
 - Level 2.6 Earth Magic
 * Level 5.8 Invocations


You had 7 spell levels left.
You knew the following spells:

 Your Spells              Type           Power      Damage    Failure   Level
a - Sandblast             Erth           18%        2d7       8%          1
b - Confusing Touch       Hex            5%         N/A       38%         3

Your spell library contained the following spells:

 Spells                   Type           Power      Damage    Failure   Level
 Slow                     Hex            20%        N/A       14%         1
 Passwall                 Tmut/Erth      4%         N/A       19%         2
 Freeze                   Ice            0%         1d3       24%         1
 Stone Arrow              Conj/Erth      8%         3d7       38%         3
 Dazzling Flash           Conj/Hex       6%         N/A       47%         3
 Frozen Ramparts          Ice            0%         1d2       58%         3
 Vampiric Draining        Necr           0%         2d6       58%         3
 Petrify                  Tmut/Erth      5%         N/A       77%         4
 Animate Dead             Necr           0%         N/A       94%         4
 Hailstorm                Conj/Ice       0%         3d3       94%         4
 Iskenderun's Mystic Bla  Conj/Tloc      0%         2d3       94%         4
 Borgnjor's Vile Clutch   Necr/Erth      2%         N/A       98%         5
 Death Channel            Necr           0%         N/A       100%        6
 Starburst                Conj/Fire      0%         6d3       100%        6


Dungeon Overview and Level Annotations

Branches:
Dungeon (8/15)             Temple (0/1) D:6         Ossuary (visited)
   Lair: D:8-11

Altars:
Cheibriados
Fedhas
Hepliaklqana
Kikubaaqudgha
Ru
Uskayaw
Vehumet
Xom
Yredelemnul

Shops:
D:6 :

Annotations:
D:4 2 transporters
D:8 Grum


Innate Abilities, Weirdness & Mutations

You are too large for most types of armour.
You have claws for hands.
Your natural rate of healing is unusually fast.
You are covered in fur. (AC +1)
You have tough skin. (AC +1)


Message History

You miss the water moccasin.
The water moccasin is moderately wounded.
The water moccasin closely misses you. The water moccasin bites you.
You barely miss the water moccasin.
The water moccasin is moderately wounded.
Grum hits you from afar with a -2 spear.
The water moccasin bites you.
You are poisoned.
The water moccasin poisons you!
You miss the water moccasin.
The water moccasin is moderately wounded.
You feel very sick. The water moccasin closely misses you.
Grum hits you from afar with a -2 spear!
* * * LOW HITPOINT WARNING * * *
You mangle the water moccasin!!
The water moccasin is almost dead.
You feel very sick. The water moccasin misses you. Grum misses you.
You feel much better.
You feel sick. The water moccasin bites you.
Grum hits you from afar with a -2 spear!
The water moccasin bites you.
You are more poisoned.
The water moccasin poisons you!
You closely miss the water moccasin.
The water moccasin is almost dead.
You feel very sick. The water moccasin bites you!
* * * LOW HITPOINT WARNING * * *
Grum completely misses you.
You claw the water moccasin!
You kill the water moccasin!
You feel very sick.
Grum hits you from afar with a -2 spear!
* * * LOW HITPOINT WARNING * * *
Your Unarmed Combat skill increases to level 8!
* * * LOW HITPOINT WARNING * * *
You feel very sick. Grum hits you with a -2 spear!!
You die...

########### ####
#.....g@..# ...#
#.##..###.##
...# #.#8..#
#..#
...#######g##..#
##.#
.......g...##..#
#.##
##...####.###..#
#..# #8...8#
#..#8..# ##.###
##...##
##.##..#####...#
##...#
#.##..........#


You could see Grum.

Vanquished Creatures
  Maurice (D:8)
  Joseph (D:8)
  A shadow (D:8)
  Sigmund (D:6)
  Edmund (D:6)
  2 water moccasins (D:8)
  3 black bears
  An ice beast (D:6)
  A sky beast (D:7)
  2 wolves (D:8)
  2 ogres (D:6)
  3 phantoms (D:5)
  3 elf zombies (Ossuary)
  2 bullfrogs
  3 scorpions
  2 gnoll sergeants (D:7)
  A wyvern skeleton (D:6)
  A howler monkey (D:4)
  A bullfrog zombie (D:5)
  5 centaur zombies
  A hound (D:7)
  Crazy Yiuf (D:6)
  An orc priest (D:5)
  A centaur skeleton (D:4)
  Natasha (thrice) (D:2)
  4 orc wizards
  A hound zombie (D:5)
  A hound skeleton (D:2)
  2 mummies (Ossuary)
  Robin (D:3)
  3 howler monkey zombies
  A howler monkey skeleton (D:2)
  10 adders
  8 gnolls
  2 shadow imps
  2 white imps
  An adder zombie (Ossuary)
  An adder skeleton (D:4)
  2 worms
  4 dart slugs
  28 orcs
  3 bats
  6 endoplasms
  3 giant cockroaches
  17 goblins
  10 hobgoblins
  5 quokkas
  4 ball pythons
  2 frilled lizards (D:1)
  3 goblin zombies
  10 hobgoblin zombies (Ossuary)
  A jackal zombie (Ossuary)
  7 kobolds
  8 kobold zombies (Ossuary)
  8 orc zombies (Ossuary)
  10 rats
  A rat zombie (D:6)
  A bush (D:6)
214 creatures vanquished.

Notes
Turn   | Place    | Note
-------+----------+-------------------------------------------
     0 | D:1      | egresovca the Troll Earth Elementalist began the quest for
                  | the Orb.
     0 | D:1      | Reached XP level 1. HP: 16/16 MP: 1/1
   237 | D:1      | Reached XP level 2. HP: 26/26 MP: 2/2
   312 | D:1      | Reached skill level 1 in Unarmed Combat
   926 | D:2      | Reached XP level 3. HP: 32/32 MP: 3/3
   934 | D:2      | Reached skill level 1 in Fighting
   934 | D:2      | Reached skill level 1 in Armour
   955 | D:2      | Reached skill level 2 in Unarmed Combat
  1020 | D:2      | Reached XP level 4. HP: 41/41 MP: 4/4
  1576 | D:2      | Noticed Natasha
  1581 | D:2      | Killed Natasha
  1665 | D:2      | Noticed Natasha
  1672 | D:2      | Killed Natasha
  1673 | D:2      | Reached XP level 5. HP: 46/48 MP: 5/5
  2313 | D:2      | Noticed Natasha
  2321 | D:2      | Killed Natasha
  2322 | D:2      | Reached skill level 3 in Unarmed Combat
  3243 | D:3      | Found an ancient bone altar of Kikubaaqudgha.
  3425 | D:4      | You fall into a shaft and drop 1 floor!
  3425 | D:5      | Entered Level 5 of the Dungeon
  3425 | D:5      | Found a shimmering altar of Xom.
  3587 | D:4      | Noticed Robin
  3659 | D:3      | Killed Robin
  3710 | D:4      | Reached XP level 6. HP: 57/57 MP: 6/6
  3715 | D:4      | Found a hide-covered altar of Uskayaw.
  3722 | D:4      | Reached skill level 4 in Unarmed Combat
  3732 | D:4      | Noticed a +0 hand axe
  3732 | D:4      | Noticed a +3 dagger
  3750 | D:4      | Became a worshipper of Uskayaw the Reveller
  3769 | D:4      | Reached * piety under Uskayaw
  3779 | D:4      | Reached XP level 7. HP: 32/66 MP: 7/7
  3855 | D:4      | Found a transporter.
  3915 | D:4      | Found a transporter.
  4080 | D:4      | Found a radiant altar of Vehumet.
  4175 | D:5      | Reached ** piety under Uskayaw
  4217 | D:5      | Reached skill level 1 in Invocations
  4219 | D:5      | Reached *** piety under Uskayaw
  4277 | D:5      | Reached skill level 5 in Unarmed Combat
  4386 | D:5      | Found a hazy altar of Hepliaklqana.
  4679 | D:6      | Noticed Edmund
  4699 | D:6      | Killed Edmund
  4700 | D:6      | Reached XP level 8. HP: 36/75 MP: 8/8
  4712 | D:6      | Found a sand-covered staircase.
  4739 | Ossuary  | Entered an ossuary
  4903 | Ossuary  | Reached **** piety under Uskayaw
  4948 | Ossuary  | Reached skill level 6 in Unarmed Combat
  5089 | Ossuary  | Identified a scroll of acquirement
  5089 | Ossuary  | Acquired the ring of Qyaddyath {rN+ EV+4 Stlth+}
  5138 | D:6      | Found a runed translucent door.
  5139 | D:6      | Noticed Crazy Yiuf
  5242 | D:6      | Found a blossoming altar of Fedhas.
  5276 | D:6      | Found Ennif's Book Boutique.
  5325 | D:6      | Noticed Sigmund
  5358 | D:6      | Killed Sigmund
  5359 | D:6      | Reached XP level 9. HP: 29/84 MP: 11/11
  5689 | D:6      | Found a staircase to the Ecumenical Temple.
  6007 | D:6      | Killed Crazy Yiuf
  6322 | D:7      | Reached skill level 7 in Unarmed Combat
  6655 | D:7      | Learned a level 3 spell: Confusing Touch
  6980 | D:7      | Found a sacrificial altar of Ru.
  7026 | D:7      | Found a basalt altar of Yredelemnul.
  7158 | D:8      | Reached skill level 5 in Invocations
  7163 | D:8      | Found a snail-covered altar of Cheibriados.
  7235 | D:8      | Identified the +7 dagger of Demand {drain, rPois rC+}
  7293 | D:8      | Noticed Joseph
  7304 | D:8      | Killed Joseph
  7305 | D:8      | Reached skill level 1 in Hexes
  7472 | D:8      | Noticed Maurice
  7493 | D:8      | Paralysed by something for 6 turns
  7526 | D:8      | Killed Maurice
  7649 | D:8      | Noticed Grum
  7689 | D:8      | Reached XP level 10. HP: 45/94 MP: 13/13
  7696 | D:8      | Reached skill level 8 in Unarmed Combat
  7696 | D:8      | HP: 3/94 [poisoned by a water moccasin]
  7696 | D:8      | Demolished by Grum

Illustrated notes

Levels and vault maps discovered:
D:1:      onia_arrival_mini_spirals, layout_loops_ring, nrook_mini_vaults,
          kennysheep_another_room, chequers_avenue, minmay_indecisive_spiral
D:2:      layout_loops_corners, uniq_natasha
D:3:      layout_loops_corners, general_overflow_altar
D:4:      gammafunk_steamed_eel, layout_rooms, dancing_weapons_uskayaw,
          mainiacjoe_overflow_alcove_2, corexii_leaking_fountain, uniq_robin
D:5:      layout_basic, mainiacjoe_overflow_concentric_impassable,
          mainiacjoe_overflow_chevrons
D:6:      layout_basic, mainiacjoe_overflow_cross_hatched,
          minmay_temple_entry_drinking_statues, enter_ossuary_4, serial_shops,
          nicolae_shop_trees, grunt_decor_cap, uniq_sigmund, uniq_edmund,
          uniq_crazy_yiuf_cottage
D:7:      layout_layer_cave, old_standard_altar, nicolae_ru_awakened_eye
D:8:      layout_basic, overflow_temple_1_default, serial_corexii_hall,
          corexii_hall_statues_x, chequers_hall_statues_y,
          corexii_hall_statues_i, chequers_hall_statues_corner_a,
          nicolae_concentric_dashed_squares_mild, uniq_joseph, uniq_maurice,
          uniq_grum

Skill      XL: |  1  2  3  4  5  6  7  8  9 10 |
---------------+-------------------------------+-----
Unarmed Combat | 1 2 3 4 5 6 7 8 |  8.0
Dodging        | 2 3 4 |  4.9
Fighting       | 1 2 3 4 |  4.6
Armour         | 1 2 3 4 |  4.5
Invocations    | 2 4 5 |  5.8
Hexes          | 1 |  1.4
Stealth        | |  1.0
Spellcasting   | |  1.2
Transmutations | |  0.6
Earth Magic    | |  2.6

Action                   |  1- 3 |  4- 6 |  7- 9 | 10-12 || total
-------------------------+-------+-------+-------+-------++-------
Melee: Unarmed           |    84 |   144 |   396 |     6 ||   630
       Punch             |       |     3 |    13 |       ||    16
 Cast: Confusing Touch   |       |       |     1 |       ||     1
Invok: Stomp             |       |       |     3 |       ||     3
  Use: Potion            |       |       |     9 |     1 ||    10
       Scroll            |       |       |     2 |       ||     2
 Stab: Sleeping          |     3 |     3 |     4 |       ||    10
       Paralysed         |       |       |     6 |       ||     6
Armor: Robe              |    24 |    42 |    92 |       ||   158
Dodge: Dodged            |    36 |    93 |   241 |     5 ||   375
